 Dungeon Crawl Stone Soup version 0.30-a0-377-g5cb311bc9f (webtiles) character file.

Game seed: 5916780627341130631

1136 bande the Chopper (level 8, -2/49 HPs)
             Began as a Gargoyle Fighter on Nov 30, 2022.
             Was an Initiate of Okawaru.
             Slain by an ogre
             ... wielding a +0 giant club
              (10 damage)
             ... on level 5 of the Dungeon.
             The game lasted 00:09:43 (4877 turns).

bande the Chopper (Gargoyle Fighter)                Turns: 4877, Time: 00:09:44

Health: -2/49      AC: 18    Str: 20    XL:     8   Next: 36%
Magic:  4/8        EV:  7    Int:  9    God:    Okawaru [......]
Gold:   213        SH:  5    Dex: 11    Spells: 7/7 levels left

rFire   . . .      SeeInvis .    a - +0 war axe (flame)
rCold   . . .      Faith    .    c - +0 buckler
rNeg    + . .      Spirit   .    r - +0 chain mail
rPois   ∞          Reflect  .    n - +0 helmet
rElec   +          Harm     .    (no cloak)
rCorr   .          Rampage  .    m - +0 pair of gloves {infuse}
Will    .....                    (no boots)
Stlth   ..........               g - amulet of the acrobat
HPRegen 0.28/turn                (no ring)
MPRegen 0.11/turn                (no ring)

@: no status effects
A: sickness immunity, AC +5, negative energy resistance 1, electricity
resistance, torment resistance 1, petrification resistance
a: Renounce Religion


You were on level 5 of the Dungeon.
You worshipped Okawaru.
Okawaru was noncommittal.
You visited 2 branches of the dungeon, and saw 6 of its levels.
You also visited: Sewer.

You collected 213 gold pieces.

Inventory:

Hand Weapons
 a - a +0 war axe of flaming (weapon)
Missiles
 t - 2 throwing nets (quivered)
Armour
 c - a +0 buckler (worn)
 i - a +2 ring mail of fire resistance
 m - a +0 pair of gloves of infusion (worn)
 n - a +0 helmet (worn)
 r - a +0 chain mail (worn)
Jewellery
 g - an amulet of the acrobat (around neck)
Wands
 u - a wand of flame (20)
Scrolls
 b - a scroll of amnesia {unknown}
 j - 6 scrolls of teleportation
 o - a scroll of silence
 p - a scroll of blinking {unknown}
 q - 4 scrolls of identify
 s - a scroll of torment {unknown}
 x - a scroll of magic mapping {unknown}
 y - a scroll of enchant weapon {unknown}
Potions
 d - a potion of might
 e - 4 potions of curing {unknown}
 f - a potion of degeneration {unknown}
 h - 3 potions of invisibility {unknown}
 k - 3 potions of magic {unknown}
 l - 4 potions of heal wounds {unknown}
 v - a potion of cancellation {unknown}
 w - a potion of haste {unknown}
 z - a potion of brilliance {unknown}


   Skills:
 + Level 5.3 Fighting
 + Level 6.3 Axes
 + Level 5.6 Armour
 + Level 4.8 Shields
 * Level 0.9 Invocations
 * Level 1.1 Evocations


You had 7 spell levels left.
You didn't know any spells.
Your spell library was empty.

Dungeon Overview and Level Annotations

Branches:
Dungeon (5/15)             Temple (1/1) D:4           Sewer (visited)

Altars:
Ashenzari
Cheibriados
Dithmenos
Hepliaklqana
Kikubaaqudgha
Nemelex Xobeh
Okawaru
Qazlal
Ru
Sif Muna
Vehumet
Zin
The Shining One


Innate Abilities, Weirdness & Mutations

You are immune to sickness and miasma.
Your stone body is resilient. (AC +5)
You are immune to poison.
You resist negative energy. (rN+)
You are resistant to electric shocks. (rElec)
You are resistant to unholy torment.
You are immune to petrification.


Message History

An ogre comes into view. It is wielding a +0 giant club.
Found 7 gold pieces.
The jelly closely misses you.
You hit the jelly. You burn the jelly.
Your hands burn!
The jelly is heavily wounded.
The jelly hits you but does no damage.
You slash the jelly! You burn the jelly.
You kill the jelly!
Okawaru accepts your kill. You block the ogre's attack.
You closely miss the ogre. You hit the ogre. You burn the ogre.
The ogre is moderately wounded.
The ogre hits you with a +0 giant club!
You hit the ogre. You burn the ogre.
The ogre is heavily wounded.
You block the ogre's attack.
You barely miss the ogre.
The ogre is heavily wounded.
The ogre hits you with a +0 giant club!
You barely miss the ogre.
The ogre is heavily wounded.
The ogre hits you with a +0 giant club!!
* * * LOW HITPOINT WARNING * * *
You are too injured to fight recklessly!
You are too injured to fight recklessly!
You are too injured to fight recklessly!
You are too injured to fight recklessly!
You barely miss the ogre.
The ogre is heavily wounded.
You barely miss the ogre.
The ogre is heavily wounded.
The ogre hits you but does no damage.
You closely miss the ogre.
The ogre is moderately wounded.
The ogre hits you but does no damage.
You slash the ogre! You burn the ogre.
The ogre is almost dead.
The ogre hits you with a +0 giant club!
You die...

#...# #..## ###
#..# ..# #..#
#$. #..#
###.########..#
.....#........#
#.O>..###.##
#..@..# #.#
#.....# #.#
.....#.### #.#
#.....#.# #.#
#.... #.# #..
..... ..# ###
.... #.# ....
###


You could see an ogre.

Vanquished Creatures
  2 ogres
  A kobold brigand (Sewer)
  3 scorpions (D:4)
  A gnoll sergeant (D:3)
  3 howler monkeys (D:3)
  A hound (D:3)
  A gnoll bouda (D:3)
  A jelly (D:5)
  Natasha (thrice) (D:3)
  2 iguanas (D:4)
  An orc wizard (D:4)
  Robin (D:3)
  13 gnolls
  A river rat (D:5)
  An ufetubus (D:4)
  A worm (D:3)
  2 dart slugs
  25 orcs
  5 bats
  8 endoplasms
  7 goblins
  9 hobgoblins
  18 jackals
  5 quokkas
  11 ball pythons
  5 frilled lizards
  14 kobolds
  10 rats
155 creatures vanquished.

Vanquished Creatures (others)
  A human (D:4)
  2 fungi (D:4)
  4 plants
  4 toadstools (D:1)
11 creatures vanquished.

Grand Total: 166 creatures vanquished

Notes
Turn   | Place    | Note
-------+----------+-------------------------------------------
     0 | D:1      | bande the Gargoyle Fighter began the quest for the Orb.
     0 | D:1      | Reached XP level 1. HP: 14/14 MP: 1/1
    67 | D:1      | Reached XP level 2. HP: 15/19 MP: 2/2
   124 | D:1      | Reached skill level 2 in Axes
   145 | D:1      | Reached XP level 3. HP: 10/23 MP: 3/3
  1206 | D:3      | Reached XP level 4. HP: 29/29 MP: 1/4
  1252 | D:3      | Noticed Natasha
  1257 | D:3      | Killed Natasha
  1297 | D:3      | Reached skill level 3 in Axes
  1455 | D:3      | Found a faded altar of an unknown god.
  1595 | D:3      | Noticed Robin
  1605 | D:3      | Killed Robin
  1606 | D:3      | Reached XP level 5. HP: 27/33 MP: 0/5
  1835 | D:3      | Reached skill level 4 in Axes
  1835 | D:3      | Reached XP level 6. HP: 31/38 MP: 1/6
  1999 | D:3      | Noticed Natasha
  2485 | D:3      | Reached XP level 7. HP: 40/44 MP: 0/7
  2491 | D:3      | Reached skill level 5 in Axes
  3102 | D:3      | Killed Natasha
  3181 | D:3      | Noticed Natasha
  3187 | D:3      | Killed Natasha
  3188 | D:3      | Reached skill level 5 in Armour
  3384 | D:4      | Reached skill level 5 in Fighting
  3561 | D:4      | Reached XP level 8. HP: 49/49 MP: 6/8
  3592 | D:4      | Found a snail-covered altar of Cheibriados.
  3676 | D:4      | Reached skill level 6 in Axes
  3777 | D:4      | Found an ancient bone altar of Kikubaaqudgha.
  3925 | D:4      | Found a staircase to the Ecumenical Temple.
  3936 | Temple   | Entered the Ecumenical Temple
  3948 | Temple   | Became a worshipper of Warmaster Okawaru
  4351 | D:5      | Entered Level 5 of the Dungeon
  4351 | D:5      | Found a glowing drain.
  4371 | Sewer    | Entered a sewer
  4751 | Sewer    | Reached skill level 1 in Evocations
  4877 | D:5      | Slain by an ogre

Illustrated notes

Levels and vault maps discovered:
D:1:      ldierk_walled_garden_2, layout_rooms
D:2:      layout_rooms, kennysheep_generic_room_13
D:3:      lemuel_castle_with_subvaults [lemuel_castle_interior_original],
          layout_loops_ring, chequers_ecumenical_altar_simple_redux,
          uniq_natasha, uniq_robin
D:4:      layout_loops_ring, mainiacjoe_overflow_tiny_flanked,
          tgw_kikubaaqudgha, minmay_temple_entry_crystal_x
D:5:      minmay_angry_zag, layout_basic, portal_sewer_entry_a,
          guppyfry_early_orc_mine
Temple:   cyrus_circular_temple

Skill      XL: |  1  2  3  4  5  6  7  8 |
---------------+-------------------------+-----
Axes           | 2 3 4 5 6 |  6.3
Armour         | 4 5 |  5.6
Fighting       | 4 5 |  5.3
Shields        | 4 |  4.8
Evocations     | 1 |  1.1
Invocations    | |  0.9

Action                   |  1- 3 |  4- 6 |  7- 9 || total
-------------------------+-------+-------+-------++-------
Melee: War axe           |   116 |   135 |   146 ||   397
  Use: Scroll            |     4 |     1 |       ||     5
Armor: Scale mail        |    79 |       |       ||    79
       Ring mail         |    12 |    54 |       ||    66
       Chain mail        |       |     6 |    62 ||    68
Dodge: Dodged            |    89 |   126 |    50 ||   265
Block: Buckler           |    32 |    46 |    34 ||   112

Table legend: (Time is in decaauts)
 A = Elapsed time spent in this place.
 B = Non-inter-level travel time spent in this place.
 C = Inter-level travel time spent in this place.
 D = Time resting spent in this place.
 E = Time spent auto-exploring this place.
 F = Levels seen in this place.
 G = Mean time per level.
                   A        B        C        D        E       F      G
               +--------+--------+--------+--------+--------+-----+--------+
         Total |   5042 |   4960 |     82 |    396 |   3298 |   7 |  720.3 |
       Dungeon |   4543 |   4461 |     82 |    396 |   2910 |   5 |  908.6 |
        Temple |     25 |     25 |      0 |      0 |      0 |   1 |   25.0 |
         Sewer |    473 |    473 |      0 |      0 |    387 |   1 |  473.0 |
               +--------+--------+--------+--------+--------+-----+--------+

Top non-repeatable levels by time:
     D:3: 2258 daAuts
     D:4: 1025 daAuts
     D:1: 599 daAuts
     D:2: 571 daAuts
   Sewer: 473 daAuts
     D:5: 88 daAuts
  Temple: 25 daAuts
